AoeStats
← K

Arena

510553420Analyzed
4v4 RM · 21h ago on Oct 1, 2026· 64m 12s· 8 players
Game mode
Random Map
Map size
Large (8 player)
Population
200
Speed
Normal
Resources
Standard
Victory
Conquest
Starting age
Dark Age
Ending age
Imperial Age
RankedLock teamsTeams togetherTeam positionsShared explorationLock speedFull tech treeHidden civsTurbo modeCheats
Victory
Defeat
🇪🇪 Bohemians · Estonia
1163
+17
🇹🇼 Turks · Taiwan
1155
+17
🇬🇧 Mongols · United Kingdom
1132
+18
🇩🇪 Japanese · Germany
1117
+18
🇪🇸 Celts · Spain
1344
-25
🇵🇱 Teutons · Poland
1213
-19
🇳🇴 Italians · Norway
1148
-16
🇵🇱 Varangians · Poland
987
-10
蛋雕
12:14 Feudal Age
13:56 Loom
16:27 Castle Age
14:34 Horse Collar
15:02 Double-Bit Axe
18:53 Fletching
19:39 Bodkin Arrow
29:23 Town Watch
33:11 Murder Holes
37:50 Imperial Age
35:48 Gold Mining
36:43 Bow Saw
37:14 Gold Shaft Mining
38:00 Ballistics
38:30 Wheelbarrow
38:15 Padded Archer Armor
39:21 Bracer
40:19 Conscription
42:01 Masonry
43:31 Hoardings
46:28 Leather Archer Armor
46:08 Treadmill Crane
47:48 Two-Man Saw
48:49 Thumb Ring
49:35 Coinage
49:32 Hand Cart
49:20 Town Patrol
49:53 Ring Archer Armor
51:23 Architecture
51:15 Stone Mining
53:01 Banking
54:07 Hoardings
54:37 Caravan
59:16 Guilds
62:39 Artillery
Megahitt
11:23 Feudal Age
15:45 Castle Age
14:23 Double-Bit Axe
44:50 Caravan
46:53 Wheelbarrow
49:11 Horse Collar
50:34 Man-at-Arms
51:21 Squires
51:17 Long Swordsman
53:42 Forging
53:33 Scale Mail Armor
54:34 Ballistics
57:12 Chemistry
58:26 Bow Saw
58:18 Heavy Plow
61:20 Imperial Age
59:11 Hand Cart
60:06 Iron Casting
59:52 Chain Mail Armor
60:32 Coinage
61:26 Two-Handed Swordsman
62:06 Squires
63:13 Blast Furnace
62:44 Plate Mail Armor
63:30 Two-Man Saw
62:25 Houfnice
63:16 Champion
pini
4:45 Loom
10:41 Feudal Age
14:13 Castle Age
12:24 Double-Bit Axe
16:40 Bow Saw
18:31 Horse Collar
19:35 Loom
22:49 Wheelbarrow
22:21 Scale Barding Armor
23:02 Bloodlines
23:35 Husbandry
24:51 Gold Mining
26:09 Forging
27:14 Hand Cart
27:17 Stone Mining
28:05 Gold Shaft Mining
28:12 Heavy Plow
32:37 Imperial Age
29:35 Man-at-Arms
30:01 Gambesons
30:16 Squires
30:52 Iron Casting
30:18 Scale Mail Armor
30:27 Treadmill Crane
30:35 Long Swordsman
31:02 Arson
31:26 Town Watch
32:43 Elite Samurai
33:49 Conscription
32:52 Two-Handed Swordsman
33:01 Two-Handed Swordsman
34:44 Blast Furnace
34:00 Chain Mail Armor
33:18 Capped Ram
34:08 Champion
36:46 Kataparuto
37:05 Hoardings
38:33 Plate Mail Armor
39:01 Kataparuto
39:52 Kataparuto
39:42 Onager
43:32 Chemistry
42:53 Ballistics
42:16 Light Cavalry
43:08 Siege Engineers
44:03 Chemistry
43:55 Chain Barding Armor
47:02 Yasama
47:49 Murder Holes
47:45 Guard Tower
47:40 Arrowslits
47:53 Murder Holes
50:28 Caravan
51:00 Coinage
54:39 Town Patrol
54:15 Heavy Scorpion
60:22 Banking
K
7:08 Feudal Age
15:12 Castle Age
13:33 Double-Bit Axe
13:57 Horse Collar
16:45 Bow Saw
19:52 Gold Mining
21:54 Heavy Plow
22:24 Stone Mining
23:14 Wheelbarrow
25:04 Loom
25:35 Hand Cart
25:07 Town Watch
28:22 Imperial Age
27:48 Gold Shaft Mining
27:44 Fletching
27:54 Padded Archer Armor
28:18 Ballistics
28:41 Stone Shaft Mining
28:37 Thumb Ring
30:08 Chemistry
30:56 Elite Mangudai
31:49 Forging
31:34 Bodkin Arrow
31:54 Leather Archer Armor
31:43 Elite Steppe Lancer
32:23 Husbandry
32:34 Bloodlines
32:40 Bloodlines
33:05 Conscription
33:29 Bracer
33:37 Siege Engineers
35:16 Elite Steppe Lancer
41:32 Forging
41:28 Scale Barding Armor
40:51 Capped Ram
40:55 Onager
48:30 Light Cavalry
50:27 Heavy Scorpion
51:29 Masonry
51:08 Capped Ram
53:07 Caravan
56:43 Hussar
58:05 Iron Casting
57:51 Chain Barding Armor
61:25 Nomads
62:05 Siege Onager
Atlicious
9:08 Feudal Age
16:29 Castle Age
14:35 Double-Bit Axe
16:04 Fletching
17:24 Bodkin Arrow
16:58 Crossbowman
17:53 Bodkin Arrow
28:45 Padded Archer Armor
36:22 Imperial Age
35:01 Ballistics
36:17 Loom
37:08 Wheelbarrow
37:17 Bracer
38:00 Thumb Ring
38:12 Leather Archer Armor
39:42 Chemistry
39:49 Conscription
41:24 Elite Genoese Crossbowman
42:33 Scale Mail Armor
45:04 Chain Mail Armor
57:30 Silk Road
KAROLLOKO
7:14 Loom
10:55 Feudal Age
15:30 Castle Age
14:37 Stone Mining
19:27 Gold Mining
21:05 Double-Bit Axe
23:35 Bow Saw
26:49 Squires
27:02 Scale Mail Armor
36:48 Horse Collar
40:45 Wheelbarrow
41:59 Fortified Wall
41:14 Elite Skirmisher
42:51 Town Watch
43:21 Hand Cart
48:01 Fletching
48:12 Padded Archer Armor
48:37 Bodkin Arrow
51:31 Leather Archer Armor
60:46 Pikeman
64:50 Imperial Age
KoryT
11:23 Feudal Age
13:49 Loom
16:15 Castle Age
14:26 Double-Bit Axe
14:48 Horse Collar
15:59 Scale Barding Armor
19:07 Bow Saw
25:42 Forging
26:23 Chain Barding Armor
26:32 Husbandry
26:50 Bloodlines
26:52 Gold Mining
27:50 Iron Casting
28:48 Wheelbarrow
28:26 Stone Mining
31:09 Hand Cart
32:22 Fletching
34:42 Heavy Plow
39:37 Imperial Age
36:55 Town Watch
39:11 Stone Shaft Mining
39:21 Bodkin Arrow
41:07 Crop Rotation
41:18 Plate Barding Armor
42:12 Blast Furnace
42:25 Two-Man Saw
42:32 Conscription
41:40 Elite Varangian Guard
42:21 Squires
42:06 Gambesons
42:27 Scale Mail Armor
43:12 Gothikon
44:41 Chain Mail Armor
44:20 Arson
46:07 Plate Mail Armor
47:35 Elite Jarl
60:11 Caravan
61:32 Bracer
61:46 Masonry
62:30 Fortified Wall
62:36 Murder Holes
63:02 Ballistics
63:43 Chemistry
63:14 Architecture
62:56 Fortified Wall
ReyCocobolo
11:01 Feudal Age
14:45 Castle Age
12:37 Double-Bit Axe
12:46 Horse Collar
16:06 Bow Saw
15:58 Heavy Plow
26:24 Loom
27:15 Wheelbarrow
26:26 Town Watch
27:10 Scale Mail Armor
27:58 Forging
28:05 Pikeman
29:56 Chain Mail Armor
30:30 Man-at-Arms
32:03 Gold Mining
32:04 Stone Mining
33:17 Iron Casting
34:15 Hand Cart
37:46 Imperial Age
36:36 Fletching
37:02 Stronghold
37:35 Bodkin Arrow
37:37 Murder Holes
38:24 Ballistics
38:15 Masonry
38:30 Onager
39:40 Siege Engineers
40:48 Chemistry
42:12 Conscription
43:35 Plate Mail Armor
44:14 Blast Furnace
47:32 Elite Woad Raider
53:17 Gold Shaft Mining
52:54 Capped Ram
54:03 Siege Ram
57:11 Arson
60:29 Furor Celtica
60:37 Furor Celtica
Connection lost

Rejoining the realm…

Still unreachable

The connection could not be restored.

Session expired

The server has moved on; the page needs a fresh start.